 Dungeon Crawl Stone Soup version 0.31-a0-1068-g5939ac1fb6 (webtiles) character file.

Game seed: 9082956689184941918

697 BritishOli the Trooper (level 7, -2/58 HPs)
             Began as a Demonspawn Fighter on Nov 24, 2023.
             Slain by Duvessa
             ... wielding a +0 rapier
              (10 damage)
             ... on level 4 of the Dungeon.
             The game lasted 00:04:40 (2648 turns).

BritishOli the Trooper (Demonspawn Fighter)         Turns: 2648, Time: 00:04:40

Health: -2/58      AC: 13    Str: 18    XL:     7   Next: 37%
Magic:  7/7        EV:  5    Int: 10    God:
Gold:   85         SH:  4    Dex: 12    Spells: 6/6 levels left

rFire   . . .        a - +0 war axe
rCold   . . .        c - +0 buckler
rNeg    . . .        j - +0 plate armour
rPois   .            (helmet restricted)
rElec   .            (no cloak)
rCorr   .            (no gloves)
SInv    .            (no boots)
Will    .....        e - amulet of the acrobat Stlth
                     (no ring)
HPRegen 0.29/turn    (no ring)
MPRegen 0.10/turn

%: acrobat
@: mighty
A: antennae 1, powered by death 2, sharp scales 1, condensation shield
a: no special abilities


You were on level 4 of the Dungeon.
You visited 1 branch of the dungeon, and saw 4 of its levels.

You collected 85 gold pieces.

Inventory:

Hand Weapons
 a - a +0 war axe (weapon)
Armour
 b - a +0 scale mail
 c - a +0 buckler (worn)
 j - a +0 plate armour (worn)
Jewellery
 e - an amulet of the acrobat (around neck)
Scrolls
 f - a scroll of butterflies {unknown}
 g - a scroll of immolation {unknown}
 i - a scroll of poison {unknown}
 p - a scroll of vulnerability {unknown}
 r - a scroll of blinking {unknown}
 s - a scroll of noise {unknown}
 u - a scroll of identify {unknown}
Potions
 h - a potion of degeneration {unknown}
 k - 3 potions of invisibility {unknown}
 l - 2 potions of resistance {unknown}
 m - a potion of attraction {unknown}
 n - a potion of heal wounds {unknown}
 o - a potion of berserk rage {unknown}
 q - a potion of haste {unknown}
 t - a potion of curing {unknown}


   Skills:
 * Level 6.3 Fighting
 + Level 4.0 Axes
 + Level 4.5 Armour
 - Level 3.0 Shields


You had 6 spell levels left.
You didn't know any spells.
Your spell library contained the following spells:

 Spells                   Type           Power      Damage    Failure   Level
 Foxfire                  Conj/Fire      0%         2x1d4     100%        1
 Slow                     Hex            0%         N/A       100%        1
 Confusing Touch          Hex            0%         N/A       100%        3
 Sigil of Binding         Hex            0%         N/A       100%        3
 Vampiric Draining        Necr           0%         2d6       100%        3
 Plasma Beam              Fire/Air       0%         2x1d10    100%        6
 Starburst                Conj/Fire      0%         6d3       100%        6


Dungeon Overview and Level Annotations

Branches:
Dungeon (4/15)
 Temple: D:4-7

Altars:
Gozag

Shops:
D:1 (

Annotations:
D:4 Duvessa


Innate Abilities, Weirdness & Mutations

You have a pair of small antennae on your head.
You regenerate health from kills.
You are partially covered in razor-sharp scales. (AC +1, Slay +1)
A meltable shield of frost defends you. (SH +0)


Message History

Dowan is almost dead.
You barely miss Duvessa. Duvessa hits you with a +0 rapier.
Dowan hits you with a staff of air.
Unknown command.
You hit Dowan.
You kill Dowan!
Duvessa screams, "No!
How DARE you!"
Duvessa goes berserk!
You completely miss Duvessa. Duvessa hits you with a +0 rapier.
Duvessa hits you with a +0 rapier! x2
Your Axes skill increases to level 4!
Unknown command.
You hit Duvessa.
Duvessa is moderately wounded.
Duvessa hits you with a +0 rapier! Duvessa hits you with a +0 rapier.
Unknown command.
You hit Duvessa.
Duvessa is moderately wounded.
Duvessa hits you with a +0 rapier. Duvessa hits you with a +0 rapier!
* * * LOW HITPOINT WARNING * * *
You closely miss Duvessa.
Duvessa is moderately wounded.
Duvessa hits you with a +0 rapier.
* * * LOW HITPOINT WARNING * * *
You block Duvessa's attack.
You barely miss Duvessa.
Duvessa is moderately wounded.
Duvessa hits you with a +0 rapier.
* * * LOW HITPOINT WARNING * * *
Duvessa barely misses you.
You feel very mighty all of a sudden. Duvessa hits you but does no damage.
You hit Duvessa.
Duvessa is moderately wounded.
Duvessa hits you with a +0 rapier.
* * * LOW HITPOINT WARNING * * *
Duvessa barely misses you.
You barely miss Duvessa.
Duvessa is moderately wounded.
Duvessa hits you with a +0 rapier!
You die...

###..)..###......##..## ##.......
...†.....#....#...##.... #.......
....††...#....#...##....###.....#
..................##....#.#..###.
........†....###......##......#..
.........######.............###..
......##.#..##...................
................†...........)....
...>........###|@.........##.....
.§......†..###.e.................
.....#....................>......
..#.##.##...................†..#.
..#.....#......................#.
##.#...........................
###...............[...........
#...........................
#......#.###................


You could see Duvessa (berserk).

Vanquished Creatures
  Eustachio (D:3)
  A black bear (D:4)
  2 scorpions (D:3)
  Dowan (D:4)
  A hound (D:4)
  2 jellies
  2 orc priests (D:3)
  2 orc wizards
  5 adders
  A worm (D:4)
  A dart slug (D:3)
  8 orcs
  6 ball pythons
  8 bats
  7 endoplasms
  A giant cockroach (D:1)
  5 goblins
  6 hobgoblins
  4 jackals (D:1)
  2 quokkas
  8 frilled lizards
  7 kobolds
  6 rats
87 creatures vanquished.

Notes
Turn   | Place    | Note
-------+----------+-------------------------------------------
     0 | D:1      | BritishOli the Demonspawn Fighter began the quest for the
                  | Orb.
     0 | D:1      | Reached XP level 1. HP: 18/18 MP: 1/1
    19 | D:1      | Found a faded altar of an unknown god.
   207 | D:1      | Gained mutation: You regenerate a little health from kills.
                  | [demonic ancestry]
   207 | D:1      | Reached XP level 2. HP: 20/24 MP: 2/2
   245 | D:1      | Found Arhennal's Antique Weapon Shoppe.
   773 | D:2      | Gained mutation: A meltable shield of frost defends you.
                  | (SH +0) [demonic ancestry]
   773 | D:2      | Reached XP level 3. HP: 28/29 MP: 3/3
  1181 | D:3      | Gained mutation: You have a pair of small antennae on your
                  | head. [demonic ancestry]
  1181 | D:3      | Reached XP level 4. HP: 37/37 MP: 4/4
  1337 | D:3      | Reached skill level 4 in Fighting
  1644 | D:3      | Noticed a scorpion
  1648 | D:3      | Killed a scorpion
  1649 | D:3      | Reached XP level 5. HP: 34/43 MP: 5/5
  1690 | D:3      | Found an opulent altar of Gozag.
  2101 | D:4      | Noticed a black bear
  2283 | D:3      | Reached skill level 5 in Fighting
  2283 | D:3      | Gained mutation: You are partially covered in razor-sharp
                  | scales. (AC +1, Slay +1) [demonic ancestry]
  2283 | D:3      | Reached XP level 6. HP: 46/51 MP: 6/6
  2460 | D:4      | Gained mutation: You regenerate health from kills. [demonic
                  | ancestry]
  2460 | D:4      | Reached XP level 7. HP: 51/57 MP: 7/7
  2472 | D:4      | Noticed Eustachio
  2512 | D:4      | Noticed Duvessa
  2515 | D:4      | Noticed Dowan
  2573 | D:3      | Killed Eustachio
  2574 | D:3      | Reached skill level 6 in Fighting
  2641 | D:4      | Killed Dowan
  2648 | D:4      | Slain by Duvessa

Illustrated notes

Levels and vault maps discovered:
D:1:      dpeg_arrival_pits, layout_loops_ring, serial_shops, shop,
          ebering_ecumenical_altar_sacrificial, solitary_fountain,
          minmay_misc_feat_tower
D:2:      layout_rooms
D:3:      layout_basic, marbit_many_paths, serial_glass, glass_columns_a,
          glass_columns_c, item_on_display_a, due_unseen_surprise,
          item_on_display_a, minmay_misc_feat_chi, serial_bayou_lagoon_b
D:4:      layout_cave_pools, mainiacjoe_overflow_surrounded_room,
          old_standard_altar, roderic_batcave, guppyfry_shop_venom,
          uniq_duvessa, uniq_eustachio

Skill      XL: |  1  2  3  4  5  6  7 |
---------------+----------------------+-----
Axes           | 2 3 4 |  4.0
Armour         | 3 4 |  4.5
Shields        | 3 |  3.0
Fighting       | 4 5 6 |  6.3

Action                     |  1- 3 |  4- 6 |  7- 9 || total
---------------------------+-------+-------+-------++-------
  Melee: War axe           |   104 |   104 |    54 ||   262
    Use: Potion            |       |       |     1 ||     1
 Armour: Scale mail        |    55 |       |       ||    55
         Plate armour      |    17 |    89 |    83 ||   189
  Dodge: Dodged            |    35 |    25 |    59 ||   119
  Block: Buckler           |    35 |    35 |    48 ||   118

Table legend: (Time is in decaauts)
 A = Elapsed time spent in this place.
 B = Non-inter-level travel time spent in this place.
 C = Inter-level travel time spent in this place.
 D = Time resting spent in this place.
 E = Time spent auto-exploring this place.
 F = Levels seen in this place.
 G = Mean time per level.
                   A        B        C        D        E       F      G
               +--------+--------+--------+--------+--------+-----+--------+
         Total |   2778 |   2624 |    154 |    166 |   1744 |   4 |  694.5 |
       Dungeon |   2778 |   2624 |    154 |    166 |   1744 |   4 |  694.5 |
               +--------+--------+--------+--------+--------+-----+--------+

Top non-repeatable levels by time:
     D:3: 1288 daAuts
     D:1: 792 daAuts
     D:2: 421 daAuts
     D:4: 274 daAuts
